 Dungeon Crawl Stone Soup version 0.28-a0-863-g8cecda6153 (webtiles) character file.

Game seed: 16091063047382570663

3822 kae the Frost Mage (level 10, -5/68 HPs)
             Began as a Merfolk Ice Elementalist on Nov 18, 2021.
             Was a Follower of Makhleb.
             Slain by a five-headed hydra (10 damage)
             ... on level 8 of the Dungeon.
             The game lasted 00:10:35 (12007 turns).

kae the Frost Mage (Merfolk Ice Elementalist)      Turns: 12007, Time: 00:10:36

Health: -5/68      AC: 10    Str: 11    XL:     10   Next: 17%
Magic:  23/27      EV: 13    Int: 15    God:    Makhleb [*.....]
Gold:   466        SH:  0    Dex: 15    Spells: 13/20 levels left

rFire   . . .      SeeInvis .   p - +2 bardiche of Pairre {flame, rC+}
rCold   + . .      Faith    .   (shield currently unavailable)
rNeg    . . .      Spirit   .   m - +1 scale mail "Boedad" {Will+}
rPois   .          Reflect  .   (helmet restricted)
rElec   .          Harm     .   (no cloak)
rCorr   .          Rampage  .   (no gloves)
Will    +....      Rage     1%  (no boots)
Stlth   +......... Rnd*Tele +   (no amulet)
HPRegen 0.21/turn               i - +4 ring of evasion
MPRegen 0.20/turn               h - ring of magical power

@: ice-armoured, freezing walls
A: (nimble swimmer 2), mertail, horns 1, berserk 1, frail 1, teleportitis 1
a: Renounce Religion


You were on level 8 of the Dungeon.
You worshipped Makhleb.
Makhleb was aware of your devotion.
You visited 2 branches of the dungeon, and saw 9 of its levels.

You collected 466 gold pieces.

Inventory:

Hand Weapons
 d - a +0 flail
 n - a +1 spear of flaming
 p - the +2 bardiche of Pairre (weapon) {flame, rC+}
   (You acquired it on level 7 of the Dungeon)

   It burns those it strikes, dealing additional fire damage.
   Big, fiery blades are also staple armaments of hydra-hunters.
   rC:        It protects you from cold.
Missiles
 e - a throwing net
Armour
 a - a +1 robe
 k - a +0 leather armour
 m - the +1 scale mail "Boedad" (worn) {Will+}
   (You found it on level 6 of the Dungeon)

   Will:      It increases your willpower.
Jewellery
 h - a ring of magical power (right hand)
 i - a +4 ring of evasion (left hand)
 l - the ring of Xeiru {Fire Str+4 Dex+2}
   (You found it on level 4 of the Dungeon)

   [ring of fire]

   It enhances your fire magic.
   Str:       It affects your strength (+4).
   Dex:       It affects your dexterity (+2).
   rF:        It protects you from fire.
   rC:        It makes you vulnerable to cold.
Scrolls
 b - 4 scrolls of identify
 c - a scroll of fog
 q - a scroll of enchant weapon
 r - a scroll of magic mapping
 s - a scroll of blinking
Potions
 f - 3 potions of attraction
 g - a potion of flight
 j - 2 potions of degeneration
 o - a potion of curing
 t - a potion of might


   Skills:
 + Level 6.2 Fighting
 * Level 10.0 Polearms
 + Level 3.1 Armour
 - Level 2.6 Dodging
 - Level 2.1 Stealth
 + Level 5.6 Spellcasting
 * Level 10.1 Ice Magic


You had 13 spell levels left.
You knew the following spells:

 Your Spells              Type           Power      Damage    Failure   Level
a - Freeze                Ice            100%       1d11      1%          1
b - Frozen Ramparts       Ice            68%        1d8       4%          3
c - Ozocubu's Armour      Ice            34%        N/A       4%          3

Your spell library contained the following spells:

 Spells                   Type           Power      Damage    Failure   Level
 Slow                     Hex            16%        N/A       65%         1
 Hailstorm                Conj/Ice       19%        3d6       71%         4
 Blink                    Tloc           8%         N/A       78%         2
 Confusing Touch          Hex            4%         N/A       95%         3
 Gell's Gravitas          Tloc           4%         N/A       95%         3
 Ignite Poison            Fire/Tmut/Pois 4%         N/A       95%         3
 Lesser Beckoning         Tloc           4%         N/A       95%         3
 Mephitic Cloud           Conj/Pois/Air  4%         N/A       95%         3
 Teleport Other           Tloc           4%         N/A       95%         3
 Vampiric Draining        Necr           4%         2d6       95%         3
 Freezing Cloud           Conj/Ice/Air   7%         6-21      99%         5
 Manifold Assault         Tloc           4%         N/A       100%        5
 Yara's Violent Unravell  Hex/Tmut       2%         3d3       100%        5
 Storm Form               Tmut/Air       2%         N/A       100%        7


Dungeon Overview and Level Annotations

Branches:
Dungeon (8/15)             Temple (1/1) D:5
   Lair: D:8-11

Altars:
Ashenzari
Cheibriados
Dithmenos
Elyvilon
Fedhas
Gozag
Hepliaklqana
Kikubaaqudgha
Makhleb
Nemelex Xobeh
Okawaru
Qazlal
Ru
Sif Muna
Trog
Uskayaw
Vehumet
Wu Jian
Xom
Yredelemnul
Zin
The Shining One

Shops:
D:2 (   D:4 [   D:5 (   D:6 :   D:7 [

Annotations:
D:5 Grinder


Innate Abilities, Weirdness & Mutations

((You are quick and stealthy near water. (Stealth+, EV+, Speed+++)))
Your lower body shifts to a powerful aquatic tail in water.
You have a pair of small horns on your head.
You tend to lose your temper in combat.
You are frail. (-10% HP)
You are occasionally teleported next to monsters.


Message History

The wall freezes the six-headed hydra.
The six-headed hydra seems to slow down.
The six-headed hydra bites you but does no damage.
The six-headed hydra bites you! x2; The six-headed hydra bites you.
The six-headed hydra completely misses you.
The six-headed hydra bites you.
Reach: p) +2 bardiche of Pairre {flame, rC+}
Press: ? - help, Dir - move target, f/p - six-headed hydra
Aim: a six-headed hydra (heavily wounded, slow, about 21% to evade the +2 bardiche of Pairre)
You hack one of the six-headed hydra's heads off!
The flame cauterises the wound!
You hit the five-headed hydra. You burn the five-headed hydra.
The five-headed hydra is severely wounded.
The five-headed hydra is no longer moving slowly.
The wall freezes the five-headed hydra!
The five-headed hydra seems to slow down.
The five-headed hydra barely misses you.
The five-headed hydra bites you! x2
The five-headed hydra bites you but does no damage.
The five-headed hydra completely misses you.
Reach: p) +2 bardiche of Pairre {flame, rC+}
Press: ? - help, Dir - move target, f/p - five-headed hydra
Aim: a five-headed hydra (severely wounded, slow, about 21% to evade the +2 bardiche of Pairre)
You barely miss the five-headed hydra.
The five-headed hydra is severely wounded.
The wall freezes the five-headed hydra.
The five-headed hydra seems to slow down.
The five-headed hydra bites you but does no damage.
The five-headed hydra bites you.
* * * LOW HITPOINT WARNING * * *
The five-headed hydra bites you!
* * * LOW HITPOINT WARNING * * *
The five-headed hydra bites you but does no damage. x2
Reach: p) +2 bardiche of Pairre {flame, rC+}
Press: ? - help, Dir - move target, f/p - five-headed hydra
Aim: a five-headed hydra (severely wounded, slow, about 21% to evade the +2 bardiche of Pairre)
You barely miss the five-headed hydra.
The five-headed hydra is severely wounded.
The wall freezes the five-headed hydra!
The five-headed hydra bites you!
You die...

......#...........#........#
......#...........'........#
......#...#########........#
#######...#.......)........#
#.........#................#
#.........'................#
'.........#..............[.#
###########................#
..#..##.>#.(...#@+##########
..#......#######D######
..'......####..≈)≈.#.###
..#.....##≈.#≈≈.≈⌠#≈≈.###
..####.##^⌠≈≈...#≈.....≈#*
.....#.#≈#≈≈#.≈≈.#≈.≈.⌠#^#
.....#.####.≈..≈≈≈#.#≈.#≈*
.....#.#..#.#≈#.≈#.#.#####
.....#.#..≈#....#..#.##^.#


You could see a five-headed hydra (slow).

Vanquished Creatures
  A two-headed ogre (D:8)
  A centaur zombie (D:7)
  Psyche (D:8)
  Sigmund (D:5)
  4 water moccasins
  An ice beast (D:7)
  A black bear (D:5)
  A necrophage (D:4)
  3 ogres
  A centaur (D:8)
  A bullfrog (D:6)
  5 scorpions
  A water moccasin zombie (D:5)
  A wyvern skeleton (D:7)
  A water moccasin skeleton (D:5)
  8 wights
  A jelly (D:5)
  A bullfrog skeleton (D:6)
  A hound (D:5)
  2 orc priests (D:8)
  A gnoll shaman (D:4)
  A centaur skeleton (D:3)
  3 iguanas
  5 orc wizards
  A killer bee zombie (D:6)
  2 howler monkey zombies
  Robin (D:3)
  6 gnolls
  4 adders
  A shadow imp (D:7)
  A white imp (D:6)
  A worm (D:4)
  3 dart slugs (D:3)
  19 orcs
  3 bats (D:1)
  4 endoplasms
  4 giant cockroaches
  7 hobgoblins
  2 quokkas (D:2)
  12 ball pythons
  A frilled lizard (D:3)
  12 goblins
  5 kobolds
  4 rats
140 creatures vanquished.

Notes
Turn   | Place    | Note
-------+----------+-------------------------------------------
     0 | D:1      | kae the Merfolk Ice Elementalist began the quest for the
                  | Orb.
     0 | D:1      | Reached XP level 1. HP: 13/13 MP: 3/3
   558 | D:1      | Reached XP level 2. HP: 20/20 MP: 5/5
  1217 | D:2      | Reached skill level 1 in Fighting
  1876 | D:2      | Found Fataojy's Antique Weapon Emporium.
  2025 | D:2      | Reached XP level 3. HP: 21/26 MP: 6/6
  2181 | D:2      | Reached skill level 5 in Ice Magic
  2694 | D:3      | Reached XP level 4. HP: 11/33 MP: 1/7
  3147 | D:3      | Noticed Robin
  3288 | D:3      | Killed Robin
  3289 | D:3      | Reached XP level 5. HP: 29/38 MP: 4/9
  3446 | D:3      | Found a faded altar of an unknown god.
  3910 | D:4      | Noticed a necrophage
  3927 | D:4      | Killed a necrophage
  3928 | D:4      | Reached XP level 6. HP: 24/46 MP: 6/10
  4135 | D:4      | Identified the ring of Xeiru {Fire Str+4 Dex+2}
  4188 | D:4      | Found Lisays's Antique Armour Emporium.
  4362 | D:4      | Reached skill level 1 in Polearms
  4538 | D:4      | You fall into a shaft and drop 3 floors!
  4539 | D:7      | Found Fosigg's Armour Emporium.
  4765 | D:5      | Entered Level 5 of the Dungeon
  4825 | D:5      | Reached XP level 7. HP: 50/52 MP: 12/12
  5252 | D:5      | Found a staircase to the Ecumenical Temple.
  5282 | Temple   | Entered the Ecumenical Temple
  5452 | Temple   | Became a worshipper of Makhleb the Destroyer
  5517 | D:5      | Noticed Grinder
  5550 | D:6      | Identified the +1 scale mail "Boedad" {Will+}
  5593 | D:6      | Learned a level 3 spell: Frozen Ramparts
  5597 | D:6      | Learned a level 3 spell: Ozocubu's Armour
  5752 | D:6      | Reached skill level 5 in Polearms
  5752 | D:6      | Reached XP level 8. HP: 42/60 MP: 11/14
  5968 | D:5      | Noticed Sigmund
  5979 | D:5      | Killed Sigmund
  6107 | D:5      | Reached skill level 1 in Armour
  6130 | D:5      | Found Xihet's Antique Weapon Shop.
  7760 | D:6      | Found Cuhusmau's Book Shoppe.
  7897 | D:6      | HP: 3/91 [white imp (4)]
  8241 | D:6      | Reached XP level 9. HP: 46/67 MP: 14/16
  8681 | D:7      | Reached skill level 5 in Fighting
  9037 | D:7      | Reached skill level 5 in Spellcasting
  9417 | D:7      | Identified a scroll of acquirement
  9417 | D:7      | Acquired the +2 bardiche of Pairre {flame, rC+}
  9846 | D:8      | Noticed Psyche
  9886 | D:8      | Noticed a seven-headed hydra
 10174 | D:8      | Noticed a two-headed ogre
 10181 | D:8      | Killed a two-headed ogre
 10388 | D:8      | Found a shimmering altar of Xom.
 10775 | D:8      | Reached * piety under Makhleb
 10790 | D:8      | Reached XP level 10. HP: 53/71 MP: 18/18
 11149 | D:8      | Gained mutation: You tend to lose your temper in combat.
                  | [potion of mutation]
 11149 | D:8      | Gained mutation: You are frail. (-10% HP) [potion of
                  | mutation]
 11149 | D:8      | Gained mutation: You are occasionally teleported next to
                  | monsters. [potion of mutation]
 11149 | D:8      | Gained mutation: You have a pair of small horns on your
                  | head. [potion of mutation]
 11179 | D:8      | Killed Psyche
 11180 | D:8      | Reached skill level 10 in Ice Magic
 11835 | D:8      | Reached skill level 10 in Polearms
 12007 | D:8      | Slain by a five-headed hydra

Illustrated notes

Levels and vault maps discovered:
D:1:      dpeg_arrival_pits, layout_basic, hangedman_feature_mirror,
          kennysheep_pointless_box, chequers_decorated_corner,
          minmay_tiny_reverse_x
D:2:      layout_basic, serial_shops, nicolae_shop_trees,
          minmay_misc_feat_secret_circle
D:3:      layout_rooms, shapermc_ecumenical_altar_starsandcircs, st_stairs_1,
          minmay_puff, uniq_robin
D:4:      layout_gridville, serial_shops, shop
D:5:      layout_layer_cave, minmay_temple_entry_tees, serial_shops, shop,
          nicolae_figureground_sparkle, uniq_ijyb, uniq_grinder, uniq_duvessa,
          uniq_sigmund
D:6:      layout_basic, serial_shops, nicolae_shop_crystal
D:7:      layout_loops_ring, minmay_misc_feat_square, nicolae_stop_n_shop_2
D:8:      layout_gridville, tgw_xom, eino_curves_03, uniq_psyche
Temple:   compressed_dpeg_triangle_lava_temple

Skill      XL: |  1  2  3  4  5  6  7  8  9 10 |
---------------+-------------------------------+-----
Fighting       | 1 2 3 4 6 |  6.2
Ice Magic      | 5 6 7 8 9 10 | 10.1
Spellcasting   | 3 4 5 |  5.6
Polearms       | 2 5 7 9 10 | 10.0
Armour         | 1 2 3 |  3.1
Dodging        | |  2.6
Stealth        | |  2.1

Action                   |  1- 3 |  4- 6 |  7- 9 | 10-12 || total
-------------------------+-------+-------+-------+-------++-------
Melee: Flail             |    62 |    54 |       |       ||   116
       Unarmed           |     1 |       |       |       ||     1
       Spear             |       |    25 |   216 |       ||   241
       Bardiche          |       |       |    31 |    21 ||    52
 Cast: Freeze            |    30 |    63 |    87 |       ||   180
       Frozen Ramparts   |       |       |     8 |     8 ||    16
       Ozocubu's Armour  |       |       |     7 |     3 ||    10
  Use: Scroll            |     8 |     1 |     7 |       ||    16
       Potion            |       |     3 |     3 |     2 ||     8
 Stab: Sleeping          |     3 |     1 |     2 |       ||     6
Armor: Robe              |    30 |    12 |       |       ||    42
       Skin              |       |    12 |     3 |       ||    15
       Leather armour    |       |    14 |     4 |       ||    18
       Scale mail        |       |       |    95 |    14 ||   109
Dodge: Dodged            |    62 |    77 |   211 |    18 ||   368

Table legend: (Time is in decaauts)
 A = Elapsed time spent in this place.
 B = Non-inter-level travel time spent in this place.
 C = Inter-level travel time spent in this place.
 D = Time resting spent in this place.
 E = Time spent auto-exploring this place.
 F = Levels seen in this place.
 G = Mean time per level.
                   A        B        C        D        E       F      G
               +--------+--------+--------+--------+--------+-----+--------+
         Total |  12025 |  11509 |    516 |   1454 |   8614 |   9 | 1336.1 |
       Dungeon |  11835 |  11338 |    497 |   1454 |   8474 |   8 | 1479.4 |
        Temple |    189 |    171 |     18 |      0 |    140 |   1 |  189.0 |
               +--------+--------+--------+--------+--------+-----+--------+

Top non-repeatable levels by time:
     D:8: 2022 daAuts
     D:4: 1563 daAuts
     D:7: 1499 daAuts
     D:2: 1440 daAuts
     D:6: 1399 daAuts
     D:3: 1380 daAuts
     D:5: 1315 daAuts
     D:1: 1213 daAuts
  Temple: 189 daAuts
